[Event "Team 45 45 League T37"]
[Site "Internet Chess Club"]
[Date "2008.05.29"]
[Round "6"]
[White "houseofcook"]
[Black "OOB1"]
[Result "0-1"]
[WhiteElo "1389"]
[BlackElo "1517"]
[Opening "Sicilian: Smith-Morra gambit"]
[ECO "B21"]
[Time "14:04:04"]
[TimeControl "2700+45"]

1. e4 c5 2. d4 cxd4 3. c3 dxc3 4. Nxc3 Nc6 5. Nf3 e6 6. Bc4 Nf6 7. O-O d6 8. Qe2
Be7 9. Rd1 e5 10. h3 h6 11. Be3 Nh7 12. Nd5 O-O 13. Rac1 Be6 14. a3 Bxd5 15.
Bxd5 Rc8 16. Bxc6 bxc6 17. Nxe5 Bf6 18. Nxc6 Qe8 19. Nxa7 Rb8 20. f3 Rxb2 21.
Rc2 Rb3 22. Rxd6 Rxa3 23. Rdc6 Qd7 24. Rc7 Ra1+ 25. Kh2 Qd6+ 26. g3 Qe6 27. R7c6
Qd7 28. Nb5 Ng5 29. g4 Qd1 30. Qxd1 Rxd1 31. Kg2 Rd3 32. Bc5 Rfd8 33. Bb6 Rd2+
34. Rxd2 Rxd2+ 35. Bf2 Rd3 36. f4 Nxh3 37. e5 Nxf4+ 38. Kf1 Bxe5 39. Rc8+ Kh7
40. Re8 Rd1+ 41. Be1 f6 42. Rc8 Kg6 43. Rc2 Kg5 44. Nc3 Bxc3 45. Rxc3 Kxg4 46.
Kf2 Kf5 47. Rf3 g5 48. Ra3 h5 49. Ra5+ Rd5 50. Ra3 Nd3+ 51. Kf1 Nxe1 52. Kxe1
Re5+ 53. Kf2 h4 54. Rf3+ Kg6 55. Rh3 Kh5 56. Rf3 f5 57. Ra3 g4 58. Ra8 h3 59.
Rh8+ Kg5 60. Rg8+ Kf4 61. Rh8 g3+ 62. Kg1 Re1# {White checkmated} 0-1

[Event "Team 45 45 League T37"]
[Site "Internet Chess Club"]
[Date "2008.06.01"]
[Round "6"]
[White "gotcha"]
[Black "Rubacchus"]
[Result "1-0"]
[WhiteElo "1456"]
[BlackElo "1336"]
[Opening "Queen's pawn game"]
[ECO "A46"]
[Time "09:07:14"]
[TimeControl "2700+45"]

1. d4 Nf6 2. Nf3 e6 3. Bf4 d5 4. e3 c5 5. c3 Nc6 6. Be2 Bd6 7. Bxd6 Qxd6 8. Nbd2
cxd4 9. cxd4 O-O 10. O-O e5 11. dxe5 Nxe5 12. Qb3 Re8 13. Rfd1 Re7 14. Rac1 Be6
15. Qc3 Nxf3+ 16. Nxf3 Rc8 17. Qd4 Rxc1 18. Rxc1 b6 19. Ba6 Rc7 20. Rd1 h6 21.
h3 Ne4 22. Ne1 Ng5 23. e4 Nxe4 24. Qxe4 dxe4 25. Rxd6 Rc1 26. Kf1 Bxa2 27. Rd7
Rb1 28. Rxa7 Rxb2 29. Rb7 Rb1 30. Ke2 f5 31. Nc2 Rb2 32. Kd2 f4 33. Re7 Bd5 34.
Re5 e3+ 35. fxe3 Bxg2 36. exf4 Bxh3 37. Bd3 Kf7 38. Kc1 Rxc2+ 39. Kxc2 Kf6 40.
Rb5 g5 41. Rxb6+ Be6 42. f5 g4 43. Rxe6+ Kg5 44. Rg6+ Kf4 45. Rxh6 g3 46. Rg6
Kf3 47. f6 Kf2 48. f7 g2 49. Rxg2+ Kxg2 50. f8=Q {Black resigns} 1-0

[Event "Team 45 45 League T37"]
[Site "Internet Chess Club"]
[Date "2008.05.30"]
[Round "6"]
[White "BigH"]
[Black "jacknor"]
[Result "1/2-1/2"]
[WhiteElo "1641"]
[BlackElo "1655"]
[Opening "Nimzo-Indian: classical, 4...Nc6"]
[ECO "E33"]
[Time "08:55:38"]
[TimeControl "2700+45"]

1. d4 Nf6 2. c4 e6 3. Nc3 Bb4 4. Qc2 Nc6 5. Nf3 O-O 6. Bg5 d6 7. e4 Qe7 8. e5
Bxc3+ 9. bxc3 dxe5 10. dxe5 Kh8 11. exf6 gxf6 12. Be3 Rg8 13. g3 b6 14. Bg2 Rb8
15. O-O Ba6 16. Nd4 Na5 17. Qe4 c5 18. Nb5 Bb7 19. Qh4 Bxg2 20. Kxg2 a6 21. Na3
Nc6 22. Bf4 Rbd8 23. Rad1 Rge8 24. Nc2 e5 25. Bh6 Qe6 26. Ne3 Ne7 27. Nd5 Nxd5
28. cxd5 Qd6 29. c4 Rg8 30. Qe4 Rg6 31. Bc1 Rdg8 32. f4 Rg4 33. fxe5 fxe5 34.
Qf5 Rxc4 35. Qxf7 Rd4 36. Rxd4 exd4 37. Qf6+ Qxf6 38. Rxf6 Rd8 39. Rxb6 Rxd5 40.
Rxa6 c4 41. Kf3 d3 42. Ke4 d2 43. Bxd2 Rxd2 44. a4 c3 45. Ke3 Rxh2 46. Kd3 Rh3
47. Kxc3 Rxg3+ 48. Kd2 Ra3 49. a5 Kg7 50. Ra8 h5 51. a6 h4 52. Ke2 h3 53. Kf2
Kh7 54. Kg1 Kg7 55. Kh2 Kh7 56. Ra7+ Kg6 57. Ra8 Kg7 58. a7 Kh7 59. Kh1 Kg7 60.
Kg1 Kh7 61. Kf2 Kg7 62. Kf1 Ra2 63. Kg1 Kh7 {Game drawn by mutual agreement}
1/2-1/2

[Event "Team 45 45 League T37"]
[Site "Internet Chess Club"]
[Date "2008.06.02"]
[Round "6"]
[White "sdcohle"]
[Black "quotha"]
[Result "0-1"]
[WhiteElo "1377"]
[BlackElo "1578"]
[Opening "Queen's gambit declined"]
[ECO "D30"]
[Time "17:59:14"]
[TimeControl "2700+45"]

1. d4 d5 2. c4 e6 3. Nf3 Be7 4. Nbd2 Nf6 5. g3 O-O 6. Bg2 c5 7. O-O cxd4 8. Nxd4
e5 9. Nc2 d4 10. Nf3 Nc6 11. Nd2 Qc7 12. Ne4 Bf5 13. Qd3 Nxe4 14. Bxe4 Bxe4 15.
Qxe4 f5 16. Qg2 Rad8 17. f4 Bc5 18. Kh1 e4 19. a3 a5 20. Rd1 Qf7 21. b3 Rfe8 22.
e3 d3 23. Ne1 Qh5 24. Bd2 Qe2 25. Qg1 Re6 26. Ng2 Rh6 27. Nh4 Rf8 28. Qg2 Bxe3
29. Bxe3 Qxe3 30. Qf1 Rd6 31. Ng2 Qc5 32. Qe1 Nd4 33. Qe3 Nxb3 34. Qxc5 Nxc5 35.
Ne3 g6 36. Rab1 Rd4 37. Rb5 Rc8 38. Rxa5 d2 39. Rb5 Rd3 40. Nf1 e3 41. Nxe3 Rxe3
42. Rxd2 Rxa3 43. Rdb2 Rc3 44. R5b4 Nd3 45. Rxb7 Nxb2 46. Rxb2 R3xc4 47. Rb6
Rc1+ 48. Kg2 Rd8 49. Rb2 Rcd1 50. Kf3 R1d2 51. Rb5 Rxh2 52. Re5 Rdd2 53. g4 Rh3#
{White checkmated} 0-1

[Event "Team 45 45 League T37 u"]
[Site "Internet Chess Club"]
[Date "2008.05.29"]
[Round "6"]
[White "john-beebs"]
[Black "forsyth"]
[Result "1-0"]
[WhiteElo "1503"]
[BlackElo "1408"]
[Opening "Caro-Kann defense"]
[ECO "B10"]
[Time "14:00:51"]
[TimeControl "2700+45"]

1. e4 c6 2. Nf3 d5 3. exd5 cxd5 4. d4 Bg4 5. Nc3 e6 6. Bb5+ Nc6 7. O-O Ne7 8.
Re1 Nf5 9. Qd3 Bxf3 10. gxf3 Qf6 11. Nxd5 Qd8 12. Qxf5 Qa5 13. Bxc6+ bxc6 14.
Nf6+ {Black resigns} 1-0

[Event "Team 45 45 League T37"]
[Site "Internet Chess Club"]
[Date "2008.05.31"]
[Round "6"]
[White "rayonline53"]
[Black "macdre"]
[Result "1/2-1/2"]
[WhiteElo "1471"]
[BlackElo "1906"]
[Opening "QGD semi-Slav: Meran variation"]
[ECO "D47"]
[Time "16:01:24"]
[TimeControl "2700+45"]

1. d4 d5 2. c4 c6 3. Nc3 Nf6 4. Nf3 e6 5. e3 Nbd7 6. Bd3 dxc4 7. Bxc4 b5 8. Bd3
Bd6 9. O-O O-O 10. Bd2 Bb7 11. Rc1 a6 12. Ne4 Nxe4 13. Bxe4 Rc8 14. Bb1 c5 15.
dxc5 Bxc5 16. Bc3 Be7 17. Qd3 Nf6 18. Qxd8 Rfxd8 19. Rfd1 Nd5 20. Ba5 Rxc1 21.
Rxc1 Rc8 22. Rxc8+ Bxc8 23. e4 Nb4 24. a3 Nc6 25. Bc3 Bc5 26. b4 Bb6 {Game drawn
by mutual agreement} 1/2-1/2

[Event "Team 45 45 League T37"]
[Site "Internet Chess Club"]
[Date "2008.06.01"]
[Round "6"]
[White "wango"]
[Black "vaknight"]
[Result "0-1"]
[WhiteElo "1543"]
[BlackElo "1551"]
[Opening "Réti v Dutch"]
[ECO "A04"]
[Time "14:03:12"]
[TimeControl "2700+45"]

1. Nf3 f5 2. b4 Nf6 3. c4 e6 4. g3 Bxb4 5. Bg2 c6 6. O-O O-O 7. a3 Ba5 8. Bb2 d6
9. d4 Nbd7 10. Bc3 Bc7 11. Nbd2 d5 12. c5 Qe8 13. Qc2 Qh5 14. Ne5 Nxe5 15. dxe5
Ng4 16. h3 Nxe5 17. Nf3 Nxf3+ 18. Bxf3 {White resigns} 0-1

[Event "Team 45 45 League T37"]
[Site "Internet Chess Club"]
[Date "2008.06.01"]
[Round "6"]
[White "PeteyDaddy"]
[Black "kinchknifeblade"]
[Result "0-1"]
[WhiteElo "1152"]
[BlackElo "1345"]
[Opening "Réti opening"]
[ECO "A05"]
[Time "22:01:15"]
[TimeControl "2700+45"]

1. Nf3 Nf6 2. g3 d5 3. Bg2 Nc6 4. O-O e5 5. d3 Bc5 6. Nbd2 O-O 7. e4 Bg4 8. exd5
Nxd5 9. c4 Nf6 10. Nb3 Be7 11. Qd2 Bb4 12. Qd1 Nd4 13. Nbxd4 exd4 14. a3 Be7 15.
b4 Re8 16. Bb2 c5 17. Qd2 Rb8 18. b5 h6 19. a4 Nh7 20. a5 Ng5 21. Nxg5 Bxg5 22.
f4 Bf6 23. Ba3 Qd6 24. Rab1 Re2 25. Qc1 b6 26. h3 Bf5 27. g4 Bxd3 28. Rb2 Re3
29. Rf3 Rbe8 30. Rxe3 Rxe3 31. Qd2 Qxf4 32. Qf2 Qxf2+ 33. Rxf2 Bh4 34. Rf3 Rxf3
35. Bxf3 Bxc4 36. axb6 axb6 37. Bc6 Be1 38. Bc1 d3 39. Kf1 d2+ {White resigns}
0-1

[Event "Team 45 45 League T37"]
[Site "Internet Chess Club"]
[Date "2008.06.02"]
[Round "6"]
[White "Klampin"]
[Black "Harmonicus"]
[Result "1-0"]
[WhiteElo "1982"]
[BlackElo "1948"]
[Opening "Queen's pawn: Torre attack"]
[ECO "A46"]
[Time "15:00:15"]
[TimeControl "2700+45"]

1. d4 Nf6 2. Nf3 e6 3. Bg5 h6 4. Bh4 g5 5. Bg3 Nh5 6. e4 d6 7. Bd3 Bg7 8. c3
Nxg3 9. hxg3 Nd7 10. Nbd2 Nb6 11. Qe2 Bd7 12. O-O-O Qe7 13. e5 O-O-O 14. exd6
cxd6 15. Rde1 Kb8 16. Qd1 Rc8 17. Kb1 Rhd8 18. Qb3 d5 19. Qc2 Qf8 20. Ne5 Be8
21. g4 Nd7 22. Ndf3 Nxe5 23. Nxe5 Rd6 24. Rhf1 f6 25. Ng6 Bxg6 26. Bxg6 e5 27.
Bf5 Rcd8 28. g3 Rb6 29. f3 Qd6 30. Rg1 Qc7 31. Qd3 Bf8 32. Re2 Bd6 33. Rc1 exd4
34. cxd4 Rc6 35. Rxc6 bxc6 36. Re6 Be7 37. Qa6 Rd6 38. Rxe7 {Black resigns} 1-0

[Event "Team 45 45 League T37"]
[Site "Internet Chess Club"]
[Date "2008.05.29"]
[Round "6"]
[White "miltools"]
[Black "superbeast"]
[Result "1/2-1/2"]
[WhiteElo "1957"]
[BlackElo "1781"]
[Opening "Sicilian: Pelikan (Lasker/Sveshnikov) variation"]
[ECO "B33"]
[Time "19:18:32"]
[TimeControl "2700+45"]

1. e4 c5 2. Nf3 Nc6 3. d4 cxd4 4. Nxd4 Nf6 5. Nc3 e5 6. Nxc6 bxc6 7. Bc4 Bb4 8.
O-O O-O 9. Bg5 h6 10. Bh4 g5 11. Bg3 Bxc3 12. bxc3 d6 13. Qd3 Qe7 14. Rfd1 Be6
15. Bxe6 Qxe6 16. Qxd6 Qxd6 17. Rxd6 Nxe4 18. Rxh6 f6 19. h4 Nxg3 20. fxg3 gxh4
21. Rxh4 Rad8 22. Rf1 Kg7 23. Ra4 Rd7 24. Ra6 Rc8 25. Rf2 Kg6 26. Re2 Kg5 27.
Kf2 Rcc7 28. Ke1 Rd5 29. Re3 f5 30. Rd3 Rc5 31. Kd2 Kg4 32. Ra4+ e4 33. Ke2 Rb7
34. Re3 a5 35. c4 Rb4 36. Rxb4 axb4 37. a3 Rxc4 38. Kd2 Rd4+ 39. Ke2 c5 40. c3
Rc4 41. cxb4 cxb4 42. axb4 Rxb4 {Game drawn by mutual agreement} 1/2-1/2

[Event "Team 45 45 League T37"]
[Site "Internet Chess Club"]
[Date "2008.05.31"]
[Round "6"]
[White "searchforbobby1"]
[Black "chiiwen"]
[Result "1-0"]
[WhiteElo "2149"]
[BlackElo "2053"]
[Opening "Sicilian: Hungarian variation"]
[ECO "B27"]
[Time "21:08:43"]
[TimeControl "2700+45"]

1. e4 c5 2. Nf3 g6 3. d4 cxd4 4. Qxd4 Nf6 5. e5 Nc6 6. Qa4 Nd5 7. Qb3 Nb6 8. a4
d6 9. a5 Nd7 10. exd6 exd6 11. Bc4 Qe7+ 12. Be3 Bg7 13. O-O O-O 14. Bg5 Qe4 15.
Nc3 Qg4 16. h3 Qf5 17. Bd3 Nc5 18. Bxf5 Nxb3 19. Bxc8 Nxa1 20. Bxb7 Nxc2 21.
Bxc6 Rab8 22. Nd5 Nb4 23. Nxb4 Rxb4 24. a6 Rxb2 25. Be3 {Black resigns} 1-0

[Event "Team 45 45 League T37"]
[Site "Internet Chess Club"]
[Date "2008.05.31"]
[Round "6"]
[White "martineden"]
[Black "spacecadet"]
[Result "0-1"]
[WhiteElo "2014"]
[BlackElo "2235"]
[Opening "Budapest: Fajarowicz variation"]
[ECO "A51"]
[Time "10:26:18"]
[TimeControl "2700+45"]

1. d4 Nf6 2. c4 e5 3. dxe5 Ne4 4. Nf3 Nc6 5. Nbd2 Bb4 6. a3 Nxd2 7. Bxd2 Bxd2+
8. Qxd2 O-O 9. e3 Qe7 10. Nd4 Nxe5 11. Be2 d6 12. O-O a5 13. b3 Bd7 14. Rfd1 f5
15. Nf3 Bc6 16. Nd4 Bd7 17. Nf3 Kh8 18. c5 Rf6 19. Rac1 Bc6 20. Nd4 dxc5 21.
Nxc6 Rxc6 22. Qd5 Rf8 23. Rc3 Qd6 24. f4 Ng4 25. Qf3 Qe7 26. e4 Rd6 27. e5 Rxd1+
28. Bxd1 Rd8 29. Bc2 c4 30. Rxc4 Qxa3 31. Qf1 {White resigns} 0-1

[Event "Team 45 45 League T37"]
[Site "Internet Chess Club"]
[Date "2008.06.02"]
[Round "6"]
[White "keisher415"]
[Black "mitus"]
[Result "1-0"]
[WhiteElo "2057"]
[BlackElo "1928"]
[Opening "Ruy Lopez: exchange variation, Alapin gambit"]
[ECO "C68"]
[Time "17:30:11"]
[TimeControl "2700+45"]

1. e4 e5 2. Nf3 Nc6 3. Bb5 a6 4. Bxc6 dxc6 5. O-O Bg4 6. h3 h5 7. d3 Qf6 8. Nbd2
g5 9. d4 Bxf3 10. Nxf3 g4 11. dxe5 Qg6 12. Ng5 gxh3 13. Nxh3 Qxe4 14. Re1 Qd5
15. Bg5 Be7 16. Qe2 O-O-O 17. Rad1 Qxa2 18. Rxd8+ Bxd8 19. Bxd8 Kxd8 20. c4 Kc8
21. e6 fxe6 22. Qe5 {Black resigns} 1-0

[Event "Team 45 45 League T37"]
[Site "Internet Chess Club"]
[Date "2008.06.02"]
[Round "6"]
[White "Rainbird"]
[Black "Archdruid"]
[Result "1-0"]
[WhiteElo "1753"]
[BlackElo "1611"]
[Opening "English, 1...Nf6 (Anglo-Indian defense)"]
[ECO "A15"]
[Time "19:01:19"]
[TimeControl "2700+45"]

1. c4 Nf6 2. g3 d6 3. Bg2 Bf5 4. Nc3 Nc6 5. d3 e5 6. e4 Bg4 7. f3 Be6 8. Nge2
Qd7 9. Nd5 h5 10. Bg5 Be7 11. f4 exf4 12. Nexf4 Bxd5 13. exd5 Ne5 14. Qe2 O-O-O
15. d4 Neg4 16. O-O-O Kb8 17. h3 Nh6 18. Bxf6 Bxf6 19. Nxh5 Bg5+ 20. Kb1 Rhe8
21. Qc2 g6 22. h4 Be3 23. Bh3 Ng4 24. Nf6 Qe7 25. Nxg4 f5 26. Nxe3 Qxe3 27. Qd3
Qf2 28. Rdf1 Re3 29. Rxf2 Rxd3 30. g4 fxg4 31. Bxg4 Rxd4 32. Be6 Rxc4 33. Rhf1
a6 34. Rf4 Rc5 35. Rf8 Rxf8 36. Rxf8+ Ka7 37. Rf4 c6 38. dxc6 bxc6 39. Rg4 Re5
40. Rxg6 d5 41. Bd7 c5 42. Rg5 Re4 43. h5 d4 44. Rxc5 Rh4 45. Rd5 Kb6 46. Kc2
Kc7 47. Be8 Rh2+ 48. Kc1 Rh4 49. b4 Kb6 50. a4 Kb7 51. Kc2 Rh2+ 52. Kb3 Rh4 53.
Kc4 Rh1 54. Rxd4 Rc1+ 55. Kd5 Rh1 56. Ke6 Rh2 57. Kf5 Rf2+ 58. Kg6 Rg2+ 59. Kh7
Re2 60. Bf7 Re7 61. Kg6 Re2 62. h6 Rg2+ 63. Kh7 Rf2 64. Kg8 Rg2+ 65. Kh8 Kc6 66.
h7 Rg1 67. Be8+ Kb6 68. Rd7 Re1 69. Bf7 Rg1 70. Rd6+ Kc7 71. Rg6 Rb1 72. Kg7
{Black resigns} 1-0

[Event "Team 45 45 League T37"]
[Site "Internet Chess Club"]
[Date "2008.05.31"]
[Round "6"]
[White "fledermaus"]
[Black "PandorasBox"]
[Result "0-1"]
[WhiteElo "1944"]
[BlackElo "2153"]
[Opening "Dutch defense"]
[ECO "A84"]
[Time "15:41:49"]
[TimeControl "2700+45"]

1. d4 f5 2. c4 g6 3. g3 Bg7 4. Bg2 d6 5. Nc3 Nf6 6. d5 O-O 7. Nh3 Nbd7 8. O-O
Nb6 9. Qd3 e5 10. dxe6 Bxe6 11. b3 Ne4 12. Bb2 Nc5 13. Qd2 Qe7 14. Rad1 Rad8 15.
Rfe1 c6 16. e4 fxe4 17. Nxe4 Nxe4 18. Rxe4 d5 19. Ba3 Qxa3 20. Rxe6 Rd7 21. cxd5
Nxd5 22. Nf4 Bh6 23. Qc2 Nxf4 24. gxf4 Rxd1+ 25. Qxd1 Qxa2 26. Re7 Rxf4 27. Bd5+
Kf8 28. Rxh7 Qxf2+ 29. Kh1 cxd5 30. Rxh6 Kg7 31. Rh3 Re4 32. Qa1+ d4 {White
resigns} 0-1

[Event "Team 45 45 League T37"]
[Site "Internet Chess Club"]
[Date "2008.06.01"]
[Round "6"]
[White "pishd"]
[Black "Wheels"]
[Result "1-0"]
[WhiteElo "1846"]
[BlackElo "1792"]
[Opening "Trompowsky attack (Ruth, Opocenský opening)"]
[ECO "A45"]
[Time "16:03:06"]
[TimeControl "2700+45"]

1. d4 Nf6 2. Bg5 e6 3. Nd2 h6 4. Bh4 c5 5. c3 cxd4 6. cxd4 Qb6 7. Bxf6 gxf6 8.
Qc2 Nc6 9. e3 d5 10. Rc1 Bd7 11. a3 e5 12. Qb3 Qxb3 13. Nxb3 b6 14. Ba6 exd4 15.
Bb7 Na5 16. Bxa8 Nxb3 17. Rc7 Bc5 18. Bxd5 dxe3 19. fxe3 Na1 20. Rxa7 Rh7 21.
Kd2 Nc2 22. Kxc2 Bxe3 23. Nf3 Bc5 24. Re1+ Kd8 25. b4 Bd6 26. g3 {Black resigns}
1-0

[Event "Team 45 45 League T37"]
[Site "Internet Chess Club"]
[Date "2008.06.03"]
[Round "6"]
[White "cgrau"]
[Black "jacknor"]
[Result "1-0"]
[WhiteElo "1779"]
[BlackElo "1644"]
[Opening "Queen's pawn: London system"]
[ECO "A45"]
[Time "19:05:36"]
[TimeControl "2700+45"]

1. d4 Nf6 2. Bf4 e6 3. e3 d5 4. Nf3 Bd6 5. Ne5 Nbd7 6. Nd2 O-O 7. Bd3 c5 8. Nxf7
Rxf7 9. Bxd6 c4 10. Be2 Nf8 11. Bg3 Ng6 12. O-O Bd7 13. c3 b5 14. b3 Rc8 15.
bxc4 dxc4 16. Qc2 Bc6 17. Rfb1 a6 18. a4 Qd7 19. axb5 axb5 20. Ra5 Qb7 21. Bxc4
Ne4 22. Bxe6 Nxc3 23. Qxc3 Ne7 24. Bxf7+ Kxf7 25. Nc4 Nd5 26. Nd6+ Kg8 27. Qb3
Qb6 28. Rxb5 Bxb5 29. Qxd5+ Kh8 30. Nf7+ {Black resigns} 1-0

[Event "Team 45 45 League T37"]
[Site "Internet Chess Club"]
[Date "2008.05.29"]
[Round "6"]
[White "scottrugby"]
[Black "Grenadier"]
[Result "0-1"]
[WhiteElo "1505"]
[BlackElo "1691"]
[Opening "Caro-Kann: exchange variation"]
[ECO "B13"]
[Time "19:32:05"]
[TimeControl "2700+45"]

1. e4 c6 2. d4 d5 3. exd5 cxd5 4. Bd3 Nf6 5. c3 Bg4 6. Qb3 b6 7. h3 Bh5 8. g4
Bg6 9. Bxg6 hxg6 10. g5 Ne4 11. Nf3 e6 12. Bf4 Bd6 13. Qb5+ Qd7 14. Qxd7+ Nxd7
15. Bxd6 Nxd6 16. Nbd2 Rc8 17. O-O-O Nc4 18. h4 b5 19. Nxc4 Rxc4 20. Nd2 Rc6 21.
Kb1 Ke7 22. a3 Nb6 23. Nb3 Rhc8 24. h5 gxh5 25. Rxh5 g6 26. Rh3 Nc4 27. f4 Nd6
28. Nc5 R8c7 29. Nd3 a5 30. Ne5 Rb6 31. Rh7 b4 32. Nxg6+ Kd8 33. Rh8+ Kd7 34.
Ne5+ Ke7 35. g6 fxg6 36. Rh7+ Kd8 37. Rxc7 Kxc7 38. axb4 axb4 39. cxb4 Rxb4 40.
Rc1+ Nc4 41. Nxc4 dxc4 42. Kc2 Kd6 43. Kc3 Rb3+ 44. Kxc4 Rxb2 45. Rg1 Rf2 46.
Rxg6 Rxf4 47. Rh6 Rf1 48. Rh3 Ra1 49. Rb3 Kc6 50. Kd3 Rh1 51. Kc4 Rh4 52. Re3
Kd6 53. Kc3 Rh5 54. Kc4 Ra5 55. Rb3 Ra6 56. Rb5 Ra1 57. Rb3 Re1 58. Rb6+ Kc7 59.
Rb3 Kc6 60. Ra3 Rc1+ 61. Rc3 Rd1 62. Rd3 Ra1 63. Rb3 Ra5 64. Rb4 Rd5 65. Rb3 Kd6
66. Rb6+ Ke7 67. Rb5 Rd6 68. Rb7+ Kf6 69. Rb5 Ra6 70. Kc5 Kf5 71. Kc4+ Kf4 72.
Re5 Ra4+ 73. Kc5 Ra5+ 74. Kc4 Rxe5 75. dxe5 Kxe5 76. Kc3 Ke4 77. Kd2 Kd4 78. Ke2
e5 79. Kd2 Ke4 80. Ke2 Kf4 81. Kf2 e4 82. Ke2 Kg4 83. Kf2 Kf4 84. Ke2 e3 85. Ke1
Kg3 86. Kf1 Kf3 87. Ke1 e2 88. Kd2 Kf2 {White resigns} 0-1

[Event "Team 45 45 League T37"]
[Site "Internet Chess Club"]
[Date "2008.06.01"]
[Round "6"]
[White "andreip"]
[Black "PrincessChess"]
[Result "1-0"]
[WhiteElo "2073"]
[BlackElo "1821"]
[Opening "Giuoco Piano"]
[ECO "C50"]
[Time "15:02:09"]
[TimeControl "2700+45"]

1. e4 e5 2. Nf3 Nc6 3. Bc4 Bc5 4. O-O d6 5. c3 Nf6 6. b4 Bb6 7. d3 O-O 8. a4 a5
9. b5 Ne7 10. Be3 Bxe3 11. fxe3 Be6 12. Nbd2 Bxc4 13. Nxc4 b6 14. Qe1 Ng6 15.
Ncd2 Qd7 16. h3 Rae8 17. c4 h6 18. Nb1 Kh7 19. Nc3 Qc8 20. Nd5 Nd7 21. Nh4 Nc5
22. Nxg6 fxg6 23. Qe2 Ne6 24. Qc2 Qd8 25. Rae1 Qh4 26. Rxf8 Rxf8 27. Rf1 Rxf1+
28. Kxf1 Kg8 29. Qf2 Qxf2+ 30. Kxf2 Kf8 31. Ke2 Ke8 32. Kd2 Kd7 33. Kc3 g5 34.
d4 exd4+ 35. exd4 Nf4 36. Ne3 g6 37. c5 dxc5 38. dxc5 Ke6 39. Kd4 Ne2+ 40. Kc4
Nf4 41. Nd5 Nxd5 42. exd5+ Ke5 43. d6 {Black resigns} 1-0

[Event "Team 45 45 League T37 u"]
[Site "Internet Chess Club"]
[Date "2008.06.01"]
[Round "6"]
[White "BIGGY"]
[Black "cityprosecutor"]
[Result "1-0"]
[WhiteElo "1828"]
[BlackElo "1782"]
[Opening "Grünfeld: exchange variation"]
[ECO "D85"]
[Time "21:01:06"]
[TimeControl "2700+45"]

1. d4 Nf6 2. c4 g6 3. Nc3 d5 4. cxd5 Nxd5 5. e4 Nxc3 6. bxc3 c5 7. Nf3 Bg7 8.
Bb5+ Bd7 9. Bxd7+ Qxd7 10. O-O O-O 11. Ba3 cxd4 12. cxd4 Rd8 13. Rb1 e6 14. e5
b6 15. Qe2 Qa4 16. Bd6 Nc6 17. Rfd1 Rac8 18. h3 Bf8 19. Bxf8 Kxf8 20. Qe3 Kg7
21. a3 Ne7 22. Rd3 Nd5 23. Qg5 Rd7 24. Rbd1 Nc3 25. Ra1 Qc4 26. Qe3 Nd5 27. Qe4
Qc2 28. g3 Qb2 29. Qe1 Rdc7 30. Rb1 Qa2 31. Ra1 Qc4 32. Qe4 Qa4 33. Kg2 Rc3 34.
Rxc3 Rxc3 35. Nd2 b5 36. Qe2 b4 37. Nb1 Rb3 38. Qc4 Rb2 39. Qd3 a5 40. Nd2 bxa3
41. Ne4 a2 42. Nc5 Qb4 43. Ne4 a4 44. h4 Qb3 45. Nc5 Qxd3 46. Nxd3 a3 47. Kf3
Nc3 48. Ne1 Rb1 49. Nc2 Rb3 50. Ke3 Nb5+ 51. Kd2 Rb2 52. Kd3 f6 53. f4 f5 54.
Kc4 Rxc2+ 55. Kxb5 Rg2 56. Kb4 Rxg3 57. Rxa2 Rg4 58. Rxa3 Rxf4 59. Kc5 Rxh4 60.
Ra7+ Kh6 61. Ra6 f4 62. Rxe6 Kg5 63. Rf6 Rh1 64. d5 Re1 65. Kd6 h5 66. Ke6 h4
67. d6 h3 68. d7 Rd1 69. Rf8 f3 70. Rxf3 Kg4 71. Rf8 h2 72. Rh8 Kg3 73. Ke7 g5
74. d8=Q Rxd8 75. Kxd8 g4 76. e6 Kg2 77. e7 h1=Q 78. Rxh1 Kxh1 79. e8=Q g3 80.
Qh8+ Kg1 81. Qd4+ Kh2 82. Qh4+ Kg2 83. Ke7 Kf3 84. Qf6+ Ke2 85. Qe5+ Kf2 86.
Qf4+ Kg2 87. Kf6 Kh3 88. Qh6+ Kg2 89. Kf5 Kf1 90. Qf4+ Kg2 91. Kg4 Kh1 92. Qf1+
Kh2 93. Qh3+ {Black resigns} 1-0

[Event "Team 45 45 League T37"]
[Site "Internet Chess Club"]
[Date "2008.05.31"]
[Round "6"]
[White "gugamircea"]
[Black "OrangeKing"]
[Result "1-0"]
[WhiteElo "1731"]
[BlackElo "1684"]
[Opening "Evans gambit"]
[ECO "C52"]
[Time "11:04:04"]
[TimeControl "2700+45"]

1. e4 e5 2. Nf3 Nc6 3. Bc4 Bc5 4. b4 Bxb4 5. c3 Ba5 6. d4 exd4 7. O-O d6 8. cxd4
Bg4 9. Qb3 Qd7 10. Bg5 Bxf3 11. gxf3 Bb6 12. Bb5 Bxd4 13. Nc3 Nge7 14. Rad1 Bb6
15. e5 Qf5 16. Bxe7 Qxf3 17. Rd3 Qh5 18. exd6 cxd6 19. Re1 Bxf2+ 20. Kxf2 Qxh2+
21. Kf1 Qf4+ 22. Kg2 Qg4+ 23. Rg3 Qd7 24. Bf6+ Kf8 25. Bxg7+ Kg8 26. Bh6+ {Black
resigns} 1-0

[Event "Team 45 45 League T37"]
[Site "Internet Chess Club"]
[Date "2008.05.30"]
[Round "6"]
[White "CSCARChaplain"]
[Black "Victorianum"]
[Result "0-1"]
[WhiteElo "902"]
[BlackElo "1702"]
[Opening "Sicilian"]
[ECO "B54"]
[Time "14:06:54"]
[TimeControl "2700+45"]

1. e4 c5 2. Nf3 d6 3. d4 cxd4 4. Nxd4 a6 5. Nc3 e5 6. Nf3 h6 7. Bc4 Nf6 8. O-O
b5 9. Bb3 Bb7 10. Re1 Be7 11. a3 O-O 12. Nd5 Nxd5 13. Bxd5 Bxd5 14. Qxd5 Nd7 15.
Be3 Nf6 16. Qd3 Qc7 17. c3 Rfd8 18. Rac1 Qb7 19. c4 bxc4 20. Rxc4 d5 21. exd5 e4
22. Rxe4 Nxe4 23. Qxe4 Bf6 24. b4 Qxd5 25. Qxd5 Rxd5 26. Nd2 Bc3 27. Rd1 Rad8
28. Kf1 Bxd2 29. Rxd2 Rxd2 30. Bxd2 Rxd2 31. Ke1 Ra2 {White resigns} 0-1

[Event "Team 45 45 League T37"]
[Site "Internet Chess Club"]
[Date "2008.05.30"]
[Round "6"]
[White "civilization"]
[Black "N20863"]
[Result "1-0"]
[WhiteElo "1554"]
[BlackElo "1255"]
[Opening "Sicilian: Alapin's variation (2.c3)"]
[ECO "B22"]
[Time "13:14:20"]
[TimeControl "2700+45"]

1. e4 c5 2. c3 Nc6 3. d4 cxd4 4. cxd4 e6 5. Nc3 Bb4 6. Nf3 Nf6 7. Bd3 d5 8. exd5
Nxd5 9. Bd2 Nxc3 10. Bxc3 Bxc3+ 11. bxc3 O-O 12. O-O h6 13. Qe2 Ne7 14. Ne5 f6
15. Ng4 Nd5 16. Nxh6+ gxh6 17. Qg4+ Kh8 18. Qg6 Qe7 19. Qxh6+ Kg8 20. c4 Qg7 21.
Qxg7+ Kxg7 22. cxd5 exd5 23. Rfe1 Bd7 24. Rac1 Bc6 25. Re3 Rae8 26. Rg3+ Kf7 27.
Bg6+ {Black resigns} 1-0

[Event "Team 45 45 League T37"]
[Site "Internet Chess Club"]
[Date "2008.06.01"]
[Round "6"]
[White "kjs110"]
[Black "kublai"]
[Result "0-1"]
[WhiteElo "1108"]
[BlackElo "1439"]
[Opening "King's pawn opening"]
[ECO "B07"]
[Time "16:54:48"]
[TimeControl "2700+45"]

1. e4 d6 2. Nf3 Nf6 3. g3 g6 4. d3 Bg7 5. Bg2 O-O 6. O-O c6 7. Nc3 Nbd7 8. d4 b5
9. b4 a5 10. bxa5 Rxa5 11. Bd2 Ra6 12. d5 cxd5 13. exd5 Nxd5 14. Rb1 Nxc3 15.
Bxc3 Bxc3 16. Rxb5 Rxa2 17. Qb1 Ra1 18. Qb3 Rxf1+ 19. Bxf1 Bf6 20. Bc4 Ba6 21.
Ng5 Bxg5 22. Rxg5 Bxc4 23. Qxc4 Qc8 24. Qb5 Ne5 {White resigns} 0-1

[Event "Team 45 45 League T37"]
[Site "Internet Chess Club"]
[Date "2008.05.30"]
[Round "6"]
[White "Mutaant"]
[Black "ErycC"]
[Result "0-1"]
[WhiteElo "1377"]
[BlackElo "1470"]
[Opening "French defense"]
[ECO "C00"]
[Time "11:00:13"]
[TimeControl "2700+45"]

1. e4 e6 2. Nf3 d5 3. exd5 exd5 4. Bb5+ c6 5. Ba4 Nf6 6. O-O Bd6 7. d4 O-O 8.
Bg5 Bg4 9. h3 Bh5 10. Nbd2 Nbd7 11. c3 Re8 12. Qc2 Bg6 13. Qc1 Qc7 14. Nh4 Bd3
15. Re1 Rxe1+ 16. Qxe1 Re8 17. Qd1 h6 18. Be3 Nb6 19. Bb3 Ne4 20. Qf3 Nxd2 21.
Bxd2 Be2 22. Qf5 Nc4 23. Bxc4 Bxc4 24. a3 Re4 25. Nf3 g6 26. Qf6 Be7 27. Qe5
Rxe5 28. Nxe5 Bd6 29. Nf3 Bf4 30. Bxf4 Qxf4 31. Re1 Kf8 32. Ne5 Qd2 33. Re3 Qxb2
34. Rf3 Qc1+ 35. Kh2 Ke7 36. Rxf7+ Ke6 37. Rxb7 Qxc3 38. Nxg6 Qxa3 39. Re7+ Kf6
{White resigns} 0-1